[Event "Titled Tuesday Blitz April 19 Early 2022"]
[White "Van den Dikkenberg, Erik"]
[Black "Tasev, Dejan"]
[WhiteFideId "1005880"]
[BlackFideId "936618"]
[WhiteElo "2118"]
[BlackElo "2253"]
[Result "1/2-1/2"]
[Round "03"]
[TimeControl "180+1"]
[Date "2022.04.19"]
[WhiteClock "0:00:07"]
[BlackClock "0:00:21"]

1. e4 e5 2. Nf3 Nc6 3. d4 exd4 4. Nxd4 Bc5 5. Nb3 Bb6 6. Nc3 d6 7. Bd3 Nf6 8. Bg5 h6 9. Bh4 Be6 10. Qe2 g5 11. Bg3 Qe7 12. O-O-O O-O-O 13. Kb1 Ne5 14. h4 Nxd3 15. cxd3 Bxb3 16. axb3 Qe6 17. Ka2 a6 18. f3 Nh5 19. Bf2 Nf4 20. Qf1 d5 21. Bxb6 Qxb6 22. g3 Qa5+ 23. Kb1 d4 24. Ne2 Ne6 25. Qe1 Qb5 26. Qd2 Rhg8 27. h5 Rd6 28. f4 Rb6 29. f5 Nc5 30. Nxd4 Qb4 31. Qxb4 Rxb4 32. Nf3 Rxb3 33. Kc2 Rb6 34. Ne5 Rf8 35. Rhe1 f6 36. Ng4 Nb3 37. Nxh6 Nd4+ 38. Kb1 Re8 39. Ng4 Kb8 40. h6 Ka7 41. e5 fxe5 42. Rxe5 Rxe5 43. Nxe5 Rxh6 44. g4 Rf6 45. Nd7 Rc6 46. f6 Ne6 47. f7 Rd6 48. f8=Q Nxf8 49. Nxf8 Rd4 50. Ne6 Rxg4 51. Nxc7 Rg2 52. Ne6 g4 53. Nf4 Rf2 54. Ne6 g3 55. Rg1 g2 56. Ka2 Kb6 57. Nd4 Kc5 58. Nb3+ Kb4 59. d4 a5 60. d5 a4 61. Nc1 Kc4 62. d6 Rd2 63. d7 a3 64. d8=Q Rxd8 65. Rxg2 axb2 66. Rxb2 b5 67. Nb3 Ra8+ 68. Kb1 Rd8 69. Nd2+ Kc5 70. Nb3+ Kb6 71. Nd2 Rh8 72. Nb3 Rh1+ 73. Nc1 Rh8 74. Nd3 Rf8 75. Nc1 Rf6 76. Kc2 Kc5 77. Kb1 Kc4 78. Kc2 b4 79. Nb3 Rf2+ 80. Kb1 Rf1+ 81. Ka2 Rf8 82. Rc2+ Kb5 83. Rb2 Kc4 84. Rc2+ Kb5 85. Rb2 Kc4 1/2-1/2


[Site "https://www.chess.com"]

[Event "Titled Tuesday Blitz April 19 Early 2022"]
[White "Vetokhin, Ilia"]
[Black "Yang, Kaiqi"]
[WhiteFideId "24156078"]
[BlackFideId "8604398"]
[WhiteElo "1897"]
[BlackElo "2373"]
[Result "1/2-1/2"]
[Round "03"]
[TimeControl "180+1"]
[Date "2022.04.19"]
[WhiteClock "0:00:05"]
[BlackClock "0:00:11"]

1. d4 e6 2. c4 f5 3. g3 Nf6 4. Bg2 d5 5. Nf3 c6 6. O-O Bd6 7. Nc3 O-O 8. Qc2 Qe7 9. Rb1 a5 10. a3 Ne4 11. c5 Bc7 12. Bf4 Bxf4 13. gxf4 Nd7 14. b4 axb4 15. axb4 Kh8 16. Ne5 Nxe5 17. fxe5 Nxc3 18. Qxc3 f4 19. Ra1 Bd7 20. Rxa8 Rxa8 21. Ra1 Qd8 22. Ra3 h6 23. Qa1 Rxa3 24. Qxa3 Qb8 25. Qa5 g5 26. e3 fxe3 27. fxe3 Kg7 28. Qb6 Be8 29. Bh3 Qc8 30. Qa7 Bf7 31. Qa5 h5 32. Bf1 Bg6 33. b5 g4 34. Qb6 Kh6 35. bxc6 bxc6 36. Ba6 Qe8 37. Bb7 Qf7 38. Qb2 Qf3 39. Qf2 Qd1+ 40. Qf1 Qd2 41. Qf2 Qc1+ 42. Kg2 Be4+ 43. Kg3 Qh1 44. Qf6+ Bg6 45. Qh8+ Kg5 46. Qf6+ Kh6 47. Qh8+ Kg5 48. Qf6+ Kh6 1/2-1/2


[Site "https://www.chess.com"]

[Event "Titled Tuesday Blitz April 19 Early 2022"]
[White "Vidonyak, Roman"]
[Black "Legenia, Artem"]
[WhiteFideId "14100622"]
[BlackFideId "14136945"]
[WhiteElo "2462"]
[BlackElo "1936"]
[Result "0-1"]
[Round "03"]
[TimeControl "180+1"]
[Date "2022.04.19"]
[WhiteClock "0:00:02"]
[BlackClock "0:00:17"]

1. d4 b6 2. c4 Nf6 3. d5 Bb7 4. Nc3 e5 5. a3 d6 6. e4 Nbd7 7. Be3 a6 8. Be2 g6 9. h3 Bg7 10. Nf3 O-O 11. Qc2 Nh5 12. g3 Bh8 13. O-O Ng7 14. g4 f5 15. Bg5 Qe8 16. exf5 gxf5 17. gxf5 Nxf5 18. Kh1 Bg7 19. Rg1 Kh8 20. Bd3 Qf7 21. Nh2 Nc5 22. Ng4 Nd4 23. Qd1 Nxd3 24. Qxd3 Qf5 25. Ne4 c6 26. Nh6 Bxh6 27. Bxh6 Rf7 28. Ng5 Rd7 29. Qg3 cxd5 30. cxd5 Bxd5+ 31. Kh2 Rg8 32. h4 Rxg5 33. Bxg5 Nf3+ 34. Kg2 Nxg5+ 35. Kf1 Bc4+ 36. Ke1 Nf3+ 37. Kd1 Qd3+ 0-1


[Site "https://www.chess.com"]

[Event "Titled Tuesday Blitz April 19 Early 2022"]
[White "Vignesh, N R"]
[Black "Dubov, Daniil"]
[WhiteFideId "25012215"]
[BlackFideId "24126055"]
[WhiteElo "2363"]
[BlackElo "2791"]
[Result "0-1"]
[Round "03"]
[TimeControl "180+1"]
[Date "2022.04.19"]
[WhiteClock "0:00:19"]
[BlackClock "0:00:23"]

1. Nf3 d5 2. g3 g6 3. Bg2 Bg7 4. O-O Nf6 5. b3 c5 6. Bb2 Nc6 7. d4 Ne4 8. e3 O-O 9. Nbd2 Bf5 10. Nxe4 dxe4 11. Ne5 Nxe5 12. dxe5 Qc7 13. g4 Be6 14. Bxe4 Bxe5 15. Bxe5 Qxe5 16. Bxb7 Rad8 17. Qe2 Rd7 18. Bg2 Rfd8 19. Rad1 Qb2 20. a4 c4 21. Rxd7 Rxd7 22. bxc4 Qb4 23. Bd5 Bxd5 24. cxd5 Rxd5 25. Rd1 Rxd1+ 26. Qxd1 Qxa4 27. Qd8+ Kg7 28. Qxe7 Qxg4+ 29. Kf1 Qd1+ 30. Kg2 Qd5+ 31. e4 Qd4 32. e5 a5 33. Kg3 h5 34. h3 a4 35. f4 Qe3+ 36. Kg2 Qxf4 37. Qc5 h4 38. c4 Qg3+ 39. Kf1 Qxh3+ 40. Ke2 Qg2+ 41. Kd1 h3 42. e6 Qg4+ 43. Kc2 Qxe6 0-1


[Site "https://www.chess.com"]

[Event "Titled Tuesday Blitz April 19 Early 2022"]
[White "Vokarev, Sergey"]
[Black "Le, Tuan Minh"]
[WhiteFideId "4119711"]
[BlackFideId "12401153"]
[WhiteElo "2343"]
[BlackElo "2450"]
[Result "0-1"]
[Round "03"]
[TimeControl "180+1"]
[Date "2022.04.19"]
[WhiteClock "0:00:04"]
[BlackClock "0:00:48"]

1. e4 c5 2. Nf3 Nf6 3. e5 Nd5 4. g3 Nc6 5. Bg2 g6 6. O-O Bg7 7. Re1 O-O 8. c4 Nc7 9. Nc3 Ne6 10. d3 b6 11. h4 Bb7 12. h5 d6 13. exd6 Qxd6 14. Ne4 Qd7 15. hxg6 hxg6 16. Bh3 f5 17. Neg5 Nxg5 18. Bxg5 e5 19. Bg2 Rae8 20. Nh4 Kh7 21. Kh2 Nd4 22. Rh1 Bxg2 23. Kxg2 Qc6+ 24. Kg1 Kg8 25. Be3 Rd8 26. Bxd4 Rxd4 27. Qe2 Rfd8 28. Ng2 Rxd3 29. Ne3 Rd2 30. Qf1 Qf3 31. b3 e4 32. Re1 R8d3 33. Nd5 Qxg3+ 34. Qg2 Bd4 35. Ne7+ Kg7 36. Qxg3 Rxg3+ 37. Kh2 0-1


[Site "https://www.chess.com"]

[Event "Titled Tuesday Blitz April 19 Early 2022"]
[White "Vokhidov, Shamsiddin"]
[Black "Nazari, Arad"]
[WhiteFideId "14204223"]
[BlackFideId "12577324"]
[WhiteElo "2611"]
[BlackElo "2129"]
[Result "1-0"]
[Round "03"]
[TimeControl "180+1"]
[Date "2022.04.19"]
[WhiteClock "0:00:07"]
[BlackClock "0:00:03"]

1. e4 c5 2. Nf3 d6 3. d4 cxd4 4. Nxd4 Nf6 5. Nc3 a6 6. Bd3 e5 7. Nde2 Be7 8. O-O O-O 9. Ng3 Be6 10. Nd5 Bxd5 11. exd5 Nbd7 12. Nf5 g6 13. Nxe7+ Qxe7 14. c4 a5 15. b3 Nh5 16. Be2 Nf4 17. Bf3 f5 18. Re1 g5 19. g3 Nh3+ 20. Kf1 g4 21. Bg2 Ng5 22. a3 e4 23. Bxg5 Qxg5 24. b4 b6 25. Qd4 Qg7 26. Qd2 Rfc8 27. Rac1 Rc7 28. Qf4 Qg6 29. h3 h5 30. hxg4 hxg4 31. Rc3 axb4 32. axb4 Rac8 33. Rec1 Ne5 34. c5 bxc5 35. bxc5 Nd3 36. Rxd3 exd3 37. c6 Re8 38. Rd1 Qf6 39. Kg1 Re5 40. Qd2 Rce7 41. Bf1 Re2 42. Qxd3 Re1 43. c7 Rxf1+ 44. Rxf1 Rxc7 45. Re1 Rf7 46. Re6 Qd8 47. Qd4 Qd7 48. Qf4 Rg7 49. Rxd6 Qf7 50. Re6 Qd7 51. Qxf5 Rf7 52. Qxg4+ Kf8 53. Qg5 Qc7 54. Qh6+ Kg8 55. Re8+ 1-0


[Site "https://www.chess.com"]

[Event "Titled Tuesday Blitz April 19 Early 2022"]
[White "Vusatiuk, Vladimir"]
[Black "Stefanov, Plamen"]
[WhiteFideId "14118610"]
[BlackFideId "2900980"]
[WhiteElo "2157"]
[BlackElo "2137"]
[Result "1-0"]
[Round "03"]
[TimeControl "180+1"]
[Date "2022.04.19"]
[WhiteClock "0:00:33"]
[BlackClock "0:00:38"]

1. d4 Nf6 2. Bg5 c5 3. d5 Qb6 4. Bc1 d6 5. Nc3 g6 6. e4 Bg7 7. h3 O-O 8. Nf3 a6 9. a4 Nbd7 10. Bc4 Ne8 11. O-O Ne5 12. Nxe5 Bxe5 13. Kh1 Qb4 14. Qd3 f5 15. a5 fxe4 16. Nxe4 Bf5 17. c3 Nf6 18. cxb4 Nxe4 19. Qe2 Rac8 20. b5 axb5 21. Bxb5 Bg3 22. Bh6 Rf7 23. Bd3 Nxf2+ 24. Rxf2 Bxd3 25. Qe6 Bf5 26. Rxf5 1-0


[Site "https://www.chess.com"]

[Event "Titled Tuesday Blitz April 19 Early 2022"]
[White "Weetik, Vjacheslav"]
[Black "Bachmann, Axel"]
[WhiteFideId "4153472"]
[BlackFideId "3700488"]
[WhiteElo "2469"]
[BlackElo "2587"]
[Result "1-0"]
[Round "03"]
[TimeControl "180+1"]
[Date "2022.04.19"]
[WhiteClock "0:00:04"]
[BlackClock "0:00:02"]

1. d4 Nf6 2. c4 g6 3. Nc3 Bg7 4. e4 d6 5. Nf3 O-O 6. Be2 Na6 7. O-O e5 8. Re1 Bg4 9. d5 Nc5 10. Nd2 Nd3 11. Bxg4 Nxg4 12. Rf1 f5 13. Nf3 Nxc1 14. Rxc1 Bh6 15. Rc2 a6 16. Qe2 Kh8 17. c5 Rf7 18. b4 Qe7 19. Ne1 Rg8 20. Nd3 Qh4 21. h3 Nf6 22. Re1 Nh5 23. Qf1 Qg5 24. Kh1 Qf6 25. b5 Qg5 26. c6 axb5 27. cxb7 b4 28. Nb5 Nf4 29. Nxf4 exf4 30. Nxc7 fxe4 31. Ne6 Qf5 32. Qc4 Rxb7 33. Qxe4 Rf7 34. Qxf5 Rxf5 35. f3 Rxd5 36. Rc7 Ra5 37. Rd1 Bf8 38. Rc8 Ra6 39. Rxf8 Rxf8 40. Nxf8 Rxa2 41. Rxd6 b3 42. Rb6 b2 43. Kh2 Kg7 44. Ne6+ Kh6 45. Nxf4 Ra4 46. Nd3 Rd4 47. Nxb2 Kg5 48. Rb5+ Kh6 49. Rb3 g5 50. Nd3 Kh5 51. Nf2 h6 52. Rb6 Rd5 53. Ng4 1-0


[Site "https://www.chess.com"]

[Event "Titled Tuesday Blitz April 19 Early 2022"]
[White "Wieczorek, Oskar"]
[Black "Sadovsky, Artem"]
[WhiteFideId "1133950"]
[BlackFideId "4155840"]
[WhiteElo "2319"]
[BlackElo "2314"]
[Result "1-0"]
[Round "03"]
[TimeControl "180+1"]
[Date "2022.04.19"]
[WhiteClock "0:00:47"]
[BlackClock "0:00:02"]

1. e4 g6 2. h4 h5 3. d4 Bg7 4. Nc3 c6 5. Bc4 d5 6. exd5 b5 7. Bb3 b4 8. Na4 cxd5 9. Nc5 Nf6 10. Nh3 a5 11. Ng5 O-O 12. Bf4 Nc6 13. Qd2 Ne4 14. Ncxe4 dxe4 15. c3 a4 16. Bxf7+ Rxf7 17. Nxf7 Kxf7 18. O-O a3 19. Rad1 axb2 20. Qxb2 bxc3 21. Qxc3 Qd5 22. Be3 Rxa2 23. Rc1 Bd7 24. Rfd1 Ra4 25. Qd2 Ra2 26. Qe1 Bg4 27. Rc5 Qd6 28. d5 Ne5 29. f3 1-0


[Site "https://www.chess.com"]

[Event "Titled Tuesday Blitz April 19 Early 2022"]
[White "Xu, Yi"]
[Black "Plazuelo Pascual, Juan"]
[WhiteFideId "8605564"]
[BlackFideId "32059566"]
[WhiteElo "2471"]
[BlackElo "2359"]
[Result "1-0"]
[Round "03"]
[TimeControl "180+1"]
[Date "2022.04.19"]
[WhiteClock "0:00:12"]
[BlackClock "0:00:05"]

1. e4 c5 2. Nf3 Nc6 3. Bb5 d6 4. O-O Bd7 5. Re1 Nf6 6. c3 a6 7. Bf1 e5 8. d4 cxd4 9. cxd4 Bg4 10. d5 Nd4 11. Be3 Nxf3+ 12. gxf3 Bd7 13. a4 Be7 14. a5 Nh5 15. Nd2 Bg5 16. Nc4 Qf6 17. Bxg5 Qxg5+ 18. Kh1 Qf6 19. Nb6 Rd8 20. Rc1 Nf4 21. Rc7 Bh3 22. Bxh3 Nxh3 23. Qa4+ Kf8 24. Qa3 g5 25. Nd7+ Rxd7 26. Rxd7 Kg7 27. Rc1 g4 28. fxg4 Nxf2+ 29. Kg2 Qg5 30. Qf3 Rf8 31. Rcc7 Nxg4 32. Rxf7+ Kh6 33. Rxh7+ Kg6 34. Rcg7# 1-0


[Site "https://www.chess.com"]

[Event "Titled Tuesday Blitz April 19 Early 2022"]
[White "Yurovskykh, Oleksandr"]
[Black "Aakanksha Hagawane"]
[WhiteFideId "14134020"]
[BlackFideId "25014510"]
[WhiteElo "2292"]
[BlackElo "1971"]
[Result "1-0"]
[Round "03"]
[TimeControl "180+1"]
[Date "2022.04.19"]
[WhiteClock "0:00:18"]
[BlackClock "0:00:06"]

1. d4 Nf6 2. Nf3 c5 3. dxc5 Qa5+ 4. Nbd2 e6 5. e3 Qxc5 6. Be2 Be7 7. O-O O-O 8. c4 b6 9. b3 Bb7 10. Bb2 d5 11. Rc1 dxc4 12. Nxc4 Qd5 13. Qc2 Nc6 14. Rfd1 Qh5 15. Nd6 Bxd6 16. Rxd6 Nb4 17. Qb1 Nbd5 18. Bxf6 Nxf6 19. Rc7 Be4 20. Qc1 Rad8 21. Rxd8 Rxd8 22. Rc8 Qd5 23. Rxd8+ Qxd8 24. Nd2 Bb7 25. f3 h6 26. Qc3 Nd5 27. Qd4 Qg5 28. Nf1 Qg6 29. Bd3 Qg5 30. e4 Nf4 31. g3 Nxd3 32. Qxd3 Qc5+ 33. Qe3 Qc2 34. Qd2 Qb1 35. Kg2 Ba6 36. Ne3 Qd3 37. Qxd3 Bxd3 38. e5 Kf8 39. a3 Ke7 40. Kf2 a5 41. Ke1 f6 42. f4 fxe5 43. fxe5 Kd7 44. Kd2 Ba6 45. Kc3 Kc6 46. Kd4 Bf1 47. Nxf1 1-0


[Site "https://www.chess.com"]

[Event "Titled Tuesday Blitz April 19 Early 2022"]
[White "Zaksaite, Salomeja"]
[Black "Zhurikhin, Alexander"]
[WhiteFideId "12801496"]
[BlackFideId "4139569"]
[WhiteElo "1953"]
[BlackElo "2204"]
[Result "0-1"]
[Round "03"]
[TimeControl "180+1"]
[Date "2022.04.19"]
[WhiteClock "0:00:01"]
[BlackClock "0:00:10"]

1. e4 c5 2. Nf3 d6 3. d4 cxd4 4. Nxd4 Nf6 5. Nc3 a6 6. h3 Nc6 7. Be3 e6 8. g4 Be7 9. Bg2 Qc7 10. O-O O-O 11. g5 Nd7 12. f4 Rb8 13. Qg4 Nxd4 14. Bxd4 e5 15. Nd5 Qd8 16. Ba7 Ra8 17. Be3 exf4 18. Qxf4 Ne5 19. Rad1 Be6 20. b3 b5 21. h4 Rc8 22. Rd2 Bxd5 23. exd5 f5 24. Bd4 Ng6 25. Qg3 Qa5 26. Re2 Ne5 27. Bxe5 dxe5 28. Qxe5 Qb6+ 29. Kh1 Bd6 30. Qe6+ Kh8 31. Rxf5 Rxf5 32. Qxf5 Rf8 33. Qe6 Rf4 34. Qe8+ Bf8 35. Kh2 Qd4 36. Qe5 Rxh4+ 37. Kg3 Rg4+ 38. Kh2 Qxe5+ 39. Rxe5 Bd6 40. Kh3 Bxe5 41. Kxg4 b4 42. Bf3 g6 43. Kh3 Kg7 44. Kg2 Kf8 45. Kf1 Ke7 46. Ke2 Kd6 47. Kd3 Bf4 48. Ke4 Bxg5 49. Bg4 a5 50. Be6 Bd8 51. Bg8 h6 52. Bh7 g5 53. Bg6 Bb6 54. Bh5 Bf2 55. Bg4 Bg3 56. Bh5 Be5 57. Bf3 Bf6 58. Kf5 Bd8 59. Kg6 Ke5 60. Kxh6 Kf4 61. Bd1 g4 62. Bxg4 Kxg4 63. Kg6 Kf4 64. Kf7 Ke5 65. Ke8 Bb6 66. Kd7 Kxd5 67. Kc8 Kd4 68. Kb7 Bd8 69. Kc6 Kc3 70. Kb5 Kxc2 0-1


[Site "https://www.chess.com"]

[Event "Titled Tuesday Blitz April 19 Early 2022"]
[White "Zanette, Edgard Vinicius"]
[Black "Petrovic, Aleksa"]
[WhiteFideId "2109263"]
[BlackFideId "967629"]
[WhiteElo "2182"]
[BlackElo "2198"]
[Result "1/2-1/2"]
[Round "03"]
[TimeControl "180+1"]
[Date "2022.04.19"]
[WhiteClock "0:00:04"]
[BlackClock "0:00:07"]

1. e4 b6 2. d4 Bb7 3. Bd3 e6 4. Nf3 c5 5. Qe2 cxd4 6. Nxd4 Ne7 7. O-O Nec6 8. Nf3 Nb4 9. Bc4 Ba6 10. Bf4 Qc8 11. Bxa6 Qxa6 12. Qd2 d5 13. exd5 Nxd5 14. Re1 Be7 15. Nd4 O-O 16. Bxb8 Raxb8 17. Nc6 Rbc8 18. Nxe7+ Nxe7 19. Nc3 Rfd8 20. Qg5 Nf5 21. Rad1 f6 22. Qg4 b5 23. Qb4 Rxd1 24. Rxd1 Qc6 25. h3 a6 26. Rd2 Kf7 27. a3 Qc5 28. Rd7+ Ke8 29. Qxc5 Rxc5 30. Ra7 Rc6 31. Kf1 Ne7 32. Ke2 Kf8 33. Kd2 Nc8 34. Ra8 Kf7 35. Ne4 Kg6 36. g4 Nb6 37. Rd8 Nd5 38. Rd6 Rxd6 39. Nxd6 h5 40. gxh5+ Kxh5 41. Ne4 f5 42. Nc5 Nf4 43. Ke3 g5 44. Nxa6 Nxh3 45. Nc7 f4+ 46. Kf3 g4+ 47. Kg2 e5 48. Nd5 f3+ 49. Kg3 Kg5 50. b3 Ng1 51. Kh2 Ne2 52. Ne3 Kf4 53. Nf1 e4 54. a4 bxa4 55. bxa4 Nc3 56. a5 Nb5 57. Ng3 e3 58. fxe3+ Kxe3 59. c4 Na7 60. c5 Nc6 61. a6 Kf2 62. Nf5 Ke1 63. Kg3 f2 64. Ne3 f1=Q 65. Nxf1 Kxf1 66. Kxg4 Ke2 67. Kf5 Kd3 68. Ke6 Kc4 69. Kd6 Kb5 70. Kc7 Kxc5 71. Kb7 Kb5 72. a7 Nxa7 1/2-1/2


[Site "https://www.chess.com"]

[Event "Titled Tuesday Blitz April 19 Early 2022"]
[White "Zemerov, Vladimir"]
[Black "Belozerov, Andrei"]
[WhiteFideId "4111583"]
[BlackFideId "4120213"]
[WhiteElo "2277"]
[BlackElo "2320"]
[Result "0-1"]
[Round "03"]
[TimeControl "180+1"]
[Date "2022.04.19"]
[WhiteClock "0:00:18"]
[BlackClock "0:00:44"]

1. d4 d5 2. Bf4 Nf6 3. e3 c5 4. c3 Nc6 5. Nd2 cxd4 6. exd4 Bf5 7. h3 e6 8. Ngf3 Bd6 9. Ne5 Qc7 10. Bb5 O-O 11. Qe2 Ne4 12. Nxe4 Bxe4 13. f3 Bg6 14. h4 Rae8 15. h5 Bf5 16. g4 f6 17. Bxc6 bxc6 18. gxf5 exf5 19. O-O-O fxe5 20. Bxe5 Bxe5 21. dxe5 Qxe5 22. Qxe5 Rxe5 23. Rhe1 Rxe1 24. Rxe1 Kf7 25. Kd2 Re8 26. Rg1 Kf6 27. b4 Re7 28. a4 Ke5 29. Re1+ Kd6 30. Rxe7 Kxe7 31. Ke3 Kf6 32. f4 g5 33. Kd4 gxf4 34. c4 dxc4 35. Kxc4 Ke5 0-1


[Site "https://www.chess.com"]

[Event "Titled Tuesday Blitz April 19 Early 2022"]
[White "Zemlyanskii, Ivan"]
[Black "Agasarov, Benik"]
[WhiteFideId "24249971"]
[BlackFideId "13314823"]
[WhiteElo "1759"]
[BlackElo "2502"]
[Result "1/2-1/2"]
[Round "03"]
[TimeControl "180+1"]
[Date "2022.04.19"]
[WhiteClock "0:00:08"]
[BlackClock "0:00:08"]

1. d4 Nf6 2. c4 e6 3. Nf3 d5 4. e3 c5 5. Nc3 a6 6. cxd5 exd5 7. g3 Nc6 8. Bg2 Be7 9. O-O O-O 10. dxc5 Bxc5 11. b3 d4 12. exd4 Nxd4 13. Be3 Nxf3+ 14. Qxf3 Bg4 15. Qf4 Bxe3 16. Qxe3 Re8 17. Qc5 Rc8 18. Qb4 a5 19. Qxb7 Rxc3 20. h3 Bc8 21. Qb5 Bd7 22. Qb7 Rc7 23. Qa6 Rc5 24. Rfd1 Qc8 25. Qd6 Qc7 26. Qd3 Bc6 27. Bf1 Bb5 28. Qd4 Bxf1 29. Kxf1 Rd5 30. Qa4 Rxd1+ 31. Rxd1 Qc2 32. Rd6 Qe2+ 33. Kg1 Rc8 34. Qf4 Qxa2 35. Kh2 Qxb3 36. Rxf6 Rf8 37. Ra6 Qb5 38. Ra7 Qb6 39. Qe3 Qb5 40. Qd2 a4 41. Qa2 h5 42. Rxa4 Qb6 43. Rf4 g6 44. h4 Qd6 45. Qe2 Rd8 46. Re4 Qd7 47. Qf3 Re8 48. Rxe8+ Qxe8 49. Qf4 Qe6 50. Kg2 Kh7 51. Qd4 Qc6+ 52. Kg1 Qf3 53. Qd7 Kg7 54. Qe7 Qf6 55. Qe3 Qf5 56. Qc3+ Qf6 57. Qc5 Qf5 58. Qxf5 gxf5 59. Kg2 f4 60. Kf3 fxg3 61. fxg3 Kg6 62. Ke4 f6 63. Kf4 Kf7 64. Kf5 Kg7 65. Kf4 Kg6 66. Ke4 Kg7 67. Kd5 Kg6 68. Ke6 Kg7 69. Kf5 Kf7 70. Kf4 Kg6 71. Ke4 Kf7 72. Kd5 Kg6 73. Ke6 Kg7 74. Kf5 Kf7 75. Ke4 Kg6 76. Kf4 Kg7 77. Kf5 1/2-1/2


[Site "https://www.chess.com"]

[Event "Titled Tuesday Blitz April 19 Early 2022"]
[White "Zhigalko, Sergei"]
[Black "Zhu, Jiner"]
[WhiteFideId "13502956"]
[BlackFideId "8608059"]
[WhiteElo "2662"]
[BlackElo "2281"]
[Result "1-0"]
[Round "03"]
[TimeControl "180+1"]
[Date "2022.04.19"]
[WhiteClock "0:00:04"]
[BlackClock "0:00:02"]

1. e4 e5 2. Nf3 Nc6 3. Bc4 Bc5 4. b4 Bb6 5. a4 a6 6. Nc3 Nf6 7. Nd5 O-O 8. Nxb6 cxb6 9. d3 d6 10. c3 h6 11. O-O Be6 12. Bxe6 fxe6 13. Re1 Ne7 14. Qb3 Qd7 15. Be3 b5 16. axb5 axb5 17. Ra5 Nc6 18. Rxb5 Nd4 19. cxd4 Qxb5 20. Qxe6+ Kh8 21. dxe5 dxe5 22. Nxe5 Rfe8 23. Ng6+ Kh7 24. Ne7 Qxb4 25. Qf5+ Kh8 26. Ng6+ Kg8 27. Rf1 Qb3 28. e5 Nh7 29. h4 Rad8 30. d4 Nf8 31. h5 Nxg6 32. hxg6 Qd5 33. Rb1 Rd7 34. Kh2 b5 35. Rc1 Rb7 36. Rc5 Qd7 37. Qxd7 Rxd7 38. Rxb5 Rf8 39. g4 Re7 40. Kg3 Re6 41. f4 Rxg6 42. d5 Ra6 43. Bc5 Rd8 44. d6 g6 45. f5 gxf5 46. gxf5 Kf7 47. Rb7+ Ke8 48. e6 Ra4 49. d7+ 1-0


[Site "https://www.chess.com"]

[Event "Titled Tuesday Blitz April 19 Early 2022"]
[White "Zor, Alber Kadir"]
[Black "Gharibyan, Mamikon"]
[WhiteFideId "6353169"]
[BlackFideId "13308300"]
[WhiteElo "1966"]
[BlackElo "2254"]
[Result "1-0"]
[Round "03"]
[TimeControl "180+1"]
[Date "2022.04.19"]
[WhiteClock "0:00:09"]
[BlackClock "0:00:09"]

1. e4 e5 2. Nf3 Nc6 3. d4 exd4 4. Nxd4 Bc5 5. Nb3 Bb4+ 6. c3 Be7 7. Bf4 d6 8. N1d2 Nf6 9. Qc2 O-O 10. O-O-O a5 11. a4 Ng4 12. Nf3 Bf6 13. h3 Nge5 14. Nxe5 Nxe5 15. Bg3 Bd7 16. Nd4 Re8 17. f4 Ng6 18. Bd3 Bh4 19. Bh2 c6 20. g3 Bf6 21. g4 h6 22. Nf5 Qc7 23. Bg3 b5 24. h4 h5 25. Nxd6 Qxd6 26. e5 Qc5 27. gxh5 Qe3+ 28. Kb1 Qxg3 29. hxg6 Be7 30. gxf7+ Kxf7 31. Rdg1 Qe3 32. Bg6+ Kf8 33. Bxe8 Bxe8 34. Qh7 Qd3+ 35. Qxd3 1-0


[Site "https://www.chess.com"]

[Event "Titled Tuesday Blitz April 19 Early 2022"]
[White "Avalos Parra, Joao"]
[Black "Sjugirov, Sanan"]
[WhiteFideId "3402541"]
[BlackFideId "4189302"]
[WhiteElo "2173"]
[BlackElo "2602"]
[Result "0-1"]
[Round "04"]
[TimeControl "180+1"]
[Date "2022.04.19"]
[WhiteClock "0:00:20"]
[BlackClock "0:00:33"]

1. d4 Nf6 2. Nf3 c5 3. d5 b5 4. c4 b4 5. g3 g6 6. Bg2 d6 7. O-O Bg7 8. Re1 O-O 9. e4 Nfd7 10. Qc2 Ne5 11. Nxe5 Bxe5 12. Bh6 Re8 13. Nd2 Nd7 14. Nf3 Bh8 15. h4 Rb8 16. h5 a5 17. hxg6 hxg6 18. Bf4 Ne5 19. Nxe5 Bxe5 20. Bxe5 dxe5 21. a3 Qb6 22. a4 Kg7 23. b3 Qd6 24. f4 f6 25. Qf2 Bg4 26. Bf3 Bd7 27. Kg2 Rh8 28. Rh1 exf4 29. gxf4 Qxf4 30. Qg3 Qd2+ 31. Qf2 Bh3+ 32. Kg1 Qg5+ 33. Bg2 Bxg2 34. Qxg2 Rxh1+ 35. Kxh1 Rh8+ 36. Kg1 Qe3+ 37. Qf2 Rh1+ 0-1


[Site "https://www.chess.com"]

[Event "Titled Tuesday Blitz April 19 Early 2022"]
[White "Babazada, Khazar"]
[Black "Fedoseev, Vladimir"]
[WhiteFideId "13413554"]
[BlackFideId "24130737"]
[WhiteElo "2406"]
[BlackElo "2726"]
[Result "0-1"]
[Round "04"]
[TimeControl "180+1"]
[Date "2022.04.19"]
[WhiteClock "0:00:46"]
[BlackClock "0:00:41"]

1. Nf3 d5 2. g3 Nd7 3. d4 Nb6 4. Bg2 c6 5. O-O Bf5 6. a4 a5 7. Nbd2 e6 8. c3 h6 9. Re1 Nf6 10. Nh4 Bh7 11. e4 g5 12. exd5 gxh4 13. dxe6 Be7 14. exf7+ Kxf7 15. Qb3+ Kf8 16. Nc4 Nxc4 17. Bxh6+ Ke8 18. Qxb7 Kf7 19. Bh3 Be4 20. Rxe4 Nxe4 21. Qxc6 Ncd6 22. Qd5+ Kg6 23. Qe6+ Bf6 24. Bf4 Qc8 25. Qxc8 Nxc8 26. Bg2 Ncd6 0-1


[Site "https://www.chess.com"]

[Event "Titled Tuesday Blitz April 19 Early 2022"]
[White "Bacrot, Etienne"]
[Black "Chen, Qi b"]
[WhiteFideId "605506"]
[BlackFideId "8614733"]
[WhiteElo "2673"]
[BlackElo "2432"]
[Result "1-0"]
[Round "04"]
[TimeControl "180+1"]
[Date "2022.04.19"]
[WhiteClock "0:00:52"]
[BlackClock "0:00:06"]

1. d4 Nf6 2. Nf3 d5 3. g3 e6 4. Bg2 Be7 5. c4 O-O 6. O-O a5 7. b3 a4 8. Bb2 c5 9. cxd5 Nxd5 10. dxc5 axb3 11. Qxb3 Na6 12. c6 bxc6 13. Ne5 Qc7 14. Nd2 Rb8 15. Qc2 Bf6 16. Ndc4 Nab4 17. Qc1 Rd8 18. Rd1 Ba6 19. a3 Bxc4 20. Nxc4 Bxb2 21. Qxb2 Na6 22. Qe5 Qxe5 23. Nxe5 Rdc8 24. Rdc1 c5 25. e3 f6 26. Bf1 Ra8 27. Nc4 Rcb8 28. Bg2 Ra7 29. Na5 Rc7 30. Bf1 Ra8 31. Nb3 Kf7 32. Bb5 Nb6 33. Bxa6 Rxa6 34. Rxc5 Rca7 35. Nd4 Rxa3 36. Rxa3 Rxa3 37. Rc7+ Kg6 38. Nxe6 1-0


[Site "https://www.chess.com"]

[Event "Titled Tuesday Blitz April 19 Early 2022"]
[White "Bluebaum, Matthias"]
[Black "Shirov, Alexei"]
[WhiteFideId "24651516"]
[BlackFideId "2209390"]
[WhiteElo "2550"]
[BlackElo "2678"]
[Result "1-0"]
[Round "04"]
[TimeControl "180+1"]
[Date "2022.04.19"]
[WhiteClock "0:00:37"]
[BlackClock "0:00:21"]

1. d4 d5 2. c4 c6 3. Nf3 Nf6 4. Nc3 e6 5. Qc2 Nbd7 6. e4 Nxe4 7. Nxe4 dxe4 8. Qxe4 Bb4+ 9. Bd2 Bxd2+ 10. Nxd2 Nf6 11. Qe3 O-O 12. Be2 Qb6 13. O-O-O Rd8 14. Ne4 Nxe4 15. Qxe4 e5 16. Qxe5 Be6 17. Rd2 Re8 18. Qc5 Qc7 19. Bf3 Rad8 20. d5 Qf4 21. Qd4 Qh6 22. Qe3 Qxe3 23. fxe3 cxd5 24. cxd5 Bf5 25. Re1 Rc8+ 26. Kd1 Rc4 27. b3 Rb4 28. Kc1 a5 29. Kb2 a4 30. Ka3 Rh4 31. g3 Rh6 32. d6 axb3 33. axb3 g5 34. Bxb7 Rd8 35. e4 Be6 36. e5 g4 37. Rc1 Rh5 38. Re1 Kf8 39. b4 Rf5 40. b5 h5 41. Kb4 h4 42. Bc6 hxg3 43. hxg3 Rh5 44. b6 Rh3 45. Re3 Rh1 46. Bxh1 1-0


[Site "https://www.chess.com"]

[Event "Titled Tuesday Blitz April 19 Early 2022"]
[White "Cherniaiev, Tykhon"]
[Black "Nogerbek, Kazybek"]
[WhiteFideId "14182360"]
[BlackFideId "13710427"]
[WhiteElo "2289"]
[BlackElo "2466"]
[Result "1-0"]
[Round "04"]
[TimeControl "180+1"]
[Date "2022.04.19"]
[WhiteClock "0:00:15"]
[BlackClock "0:00:19"]

1. Nf3 g6 2. c4 Bg7 3. d4 d6 4. g3 Nc6 5. Bg2 Nf6 6. O-O O-O 7. Nc3 Bg4 8. h3 Bxf3 9. Bxf3 Nd7 10. e3 e5 11. Bxc6 bxc6 12. Qf3 exd4 13. exd4 Bxd4 14. Qxc6 Ne5 15. Qe4 Re8 16. Kg2 Bxc3 17. bxc3 Qd7 18. Bf4 Qc6 19. Qxc6 Nxc6 20. c5 dxc5 21. Bxc7 Rac8 22. Bf4 f6 23. Rab1 Nd8 24. Be3 Re7 25. Rb5 Ne6 26. Rd1 Kf7 27. c4 Rc6 28. Rd2 Rec7 29. Rd5 Ra6 30. Bxc5 Rxa2 31. Be3 Ng7 32. Bf4 Re7 33. Rd2 Ra4 34. Bd6 Rd7 35. c5 Nf5 36. Bf4 Re7 37. c6 Nd4 38. Rc5 Re8 39. c7 Rc8 40. Rd5 Ne6 41. Rd7+ Ke8 42. Rxh7 Rc4 43. Rh8+ Nf8 44. Rxf8+ Kxf8 45. Rd8+ Ke7 46. Rxc8 g5 47. Rg8 1-0


[Site "https://www.chess.com"]